 Dungeon Crawl Stone Soup version 0.30-a0-779-g7971cf19c3 (webtiles) character file.

Game seed: 6192732167870867718

69 Anon1729 the Insei (level 4, -2/40 HPs)
             Began as a Meteoran Monk on Feb 17, 2023.
             Slain by an ogre
             ... wielding a +0 giant spiked club
              (11 damage)
             ... on level 4 of the Dungeon.
             The game lasted 00:04:00 (827 turns).

Anon1729 the Insei (Meteoran Monk)                   Turns: 827, Time: 00:04:00

Health: -2/40      AC:  6    Str: 15    XL:     4   Next: 70%
Magic:  5/5        EV: 12    Int: 11    God:
Gold:   39         SH:  4    Dex: 16    Spells: 3/3 levels left

rFire   . . .      SeeInvis .      - Unarmed
rCold   . . .      Faith    .    d - +0 buckler
rNeg    . . .      Spirit   .    g - +0 ring mail
rPois   .          Reflect  .    i - +0 helmet
rElec   .          Harm     .    (no cloak)
rCorr   .          Rampage  .    (no gloves)
Will    .....                    (no boots)
Stlth   +                        (no amulet)
HPRegen 0.26/turn                (no ring)
MPRegen 0.09/turn                (no ring)

@: glowing
A: sense surroundings 1, otherworldly, glowing, explore regen
a: no special abilities


You were on level 4 of the Dungeon.
You visited 1 branch of the dungeon, and saw 4 of its levels.

You collected 39 gold pieces.

Inventory:

Missiles
 l - a throwing net (quivered)
Armour
 a - a +0 robe
 c - a +0 leather armour
 d - a +0 buckler (worn)
 g - a +0 ring mail (worn)
 i - a +0 helmet (worn)
Scrolls
 f - a scroll of brand weapon {unknown}
 j - a scroll of identify {unknown}
 k - a scroll of blinking {unknown}
Potions
 b - 2 potions of heal wounds {unknown}
 e - a potion of magic {unknown}
 h - 3 potions of brilliance {unknown}
 m - a potion of degeneration {unknown}


   Skills:
 + Level 3.6 Fighting
 + Level 1.4 Armour
 + Level 4.1 Dodging
 - Level 1.4 Stealth
 + Level 1.5 Shields
 * Level 4.5 Unarmed Combat


You had 3 spell levels left.
You didn't know any spells.
Your spell library was empty.

Dungeon Overview and Level Annotations

Branches:
Dungeon (4/15) Zot: 1574
 Temple: D:4-7

Altars:
Hepliaklqana


Innate Abilities, Weirdness & Mutations

You passively map a small area around you.
You are easily found by Zot.
You glow in the dark.
You regain HP and MP as you explore.


Message History

There is a stone staircase leading up here.
The adder bites you but does no damage.
You barely miss the adder. The adder bites you but does no damage.
You barely miss the adder. The adder closely misses you. x2
You miss the adder. The adder bites you.
You hit the adder.
The adder is heavily wounded.
The adder bites you.
You hit the adder but do no damage.
The adder is heavily wounded.
The adder barely misses you. The hobgoblin barely misses you.
You barely miss the adder.
The adder is heavily wounded.
The adder bites you but does no damage. The hobgoblin misses you.
The adder bites you but does no damage.
You punch the adder!
You kill the adder!
The hobgoblin closely misses you.
You barely miss the hobgoblin. You block the hobgoblin's attack.
You barely miss the hobgoblin. You block the hobgoblin's attack.
You barely miss the hobgoblin. The hobgoblin closely misses you.
You hit the hobgoblin but do no damage. The hobgoblin misses you.
You punch the hobgoblin!
You kill the hobgoblin!
An ogre comes into view. It is wielding a +0 giant spiked club.
The ogre shouts!
An adder comes into view.
The adder hisses angrily.
The ogre closely misses you.
You hit the ogre.
The ogre is lightly wounded.
You hit the ogre.
The ogre is moderately wounded.
The ogre hits you with a +0 giant spiked club!!
Ouch! That really hurt!
* * * LOW HITPOINT WARNING * * *
You hit the ogre.
The ogre is moderately wounded.
The ogre hits you with a +0 giant spiked club!
You die...

#..........##
* * *
#.###.###....
, , ...,
#.#... # *
###.###.#.#
#.#.....# ..
##.#.#.###..#
*
#.........S.#
,
#..#.#S###.##
* #..#..@..#
#. ###O#.#,
#,, #.#...* *
* #.# #... ,
,... .###
*#.. *# ##.
## **


You could see an ogre and an adder.

Vanquished Creatures
  3 adders
  A worm (D:3)
  A dart slug (D:3)
  2 orcs (D:3)
  3 bats
  2 endoplasms
  4 goblins
  6 hobgoblins
  4 quokkas
  A ball python (D:1)
  2 frilled lizards
  A kobold (D:1)
  3 rats (D:2)
33 creatures vanquished.

Notes
Turn   | Place    | Note
-------+----------+-------------------------------------------
     0 | D:1      | Anon1729 the Meteoran Monk began the quest for the Orb.
     0 | D:1      | Reached XP level 1. HP: 19/19 MP: 2/2
   126 | D:1      | Reached XP level 2. HP: 9/26 MP: 3/3
   492 | D:2      | Reached XP level 3. HP: 31/31 MP: 4/4
   511 | D:2      | Reached skill level 1 in Shields
   606 | D:2      | Reached skill level 1 in Armour
   631 | D:2      | Reached XP level 4. HP: 26/38 MP: 5/5
   653 | D:3      | Found a hazy altar of Hepliaklqana.
   821 | D:4      | Noticed an ogre
   827 | D:4      | Slain by an ogre

Illustrated notes

Levels and vault maps discovered:
D:1:      eino_arrival_cavern_e, layout_loops_corners,
          hellmonk_ecumenical_altar_leap_of_faith, kennysheep_crisscross,
          feat_on_display
D:2:      layout_basic, reono_crystal_passage
D:3:      layout_loops_corners, lemuel_round_altar, minmay_snake_closets,
          uniq_terence
D:4:      layout_basic, gammafunk_ghost_nasty_kobolds, minmay_misc_feat_roman,
          wad_floor_pattern_untrapped

Skill      XL: |  1  2  3 |
---------------+----------+-----
Unarmed Combat | 4 |  4.5
Shields        | 1 |  1.5
Armour         | 1 |  1.4
Dodging        | 4 |  4.1
Fighting       | |  3.6
Stealth        | |  1.4

Action                     |  1- 3 |  4- 6 || total
---------------------------+-------+-------++-------
  Melee: Unarmed           |   112 |    61 ||   173
    Use: Potion            |     1 |       ||     1
 Armour: Leather armour    |    16 |       ||    16
         Ring mail         |    17 |    15 ||    32
  Dodge: Dodged            |    48 |    23 ||    71
  Block: Buckler           |    20 |     8 ||    28

Table legend: (Time is in decaauts)
 A = Elapsed time spent in this place.
 B = Non-inter-level travel time spent in this place.
 C = Inter-level travel time spent in this place.
 D = Time resting spent in this place.
 E = Time spent auto-exploring this place.
 F = Levels seen in this place.
 G = Mean time per level.
                   A        B        C        D        E       F      G
               +--------+--------+--------+--------+--------+-----+--------+
         Total |    824 |    824 |      0 |      0 |      0 |   4 |  206.0 |
       Dungeon |    824 |    824 |      0 |      0 |      0 |   4 |  206.0 |
               +--------+--------+--------+--------+--------+-----+--------+

Top non-repeatable levels by time:
     D:1: 484 daAuts
     D:3: 157 daAuts
     D:2: 151 daAuts
     D:4: 31 daAuts
